 Dungeon Crawl Stone Soup version 0.31-a0-210-gccc998df9b (webtiles) character file.

Game seed: 11301454049959398548

21 roflturtle the Conjurer (level 2, -1/15 HPs)
             Began as a Tengu Fire Elementalist on June 29, 2023.
             Slain by an adder (2 damage)
             ... on level 2 of the Dungeon.
             The game lasted 00:02:39 (927 turns).

roflturtle the Conjurer (Tengu Fire Elementalist)    Turns: 927, Time: 00:02:40

Health: -1/15      AC:  2    Str:  7 (8)  XL:     2   Next: 83%
Magic:  3/6        EV: 12    Int: 14 (15) God:
Gold:   24         SH:  0    Dex: 12 (14) Spells: 4/5 levels left

rFire   . . .        c - +0 dagger
rCold   . . .        (no shield)
rNeg    . . .        a - +0 robe
rPois   .            (helmet restricted)
rElec   +            (no cloak)
rCorr   .            (no gloves)
SInv    .            (boots unavailable)
Will    .....        (no amulet)
Stlth   ++           (no ring)
HPRegen 0.22/turn    (no ring)
MPRegen 0.10/turn

%: no passive effects
@: lethally poisoned (-1 -> -3), very slightly contaminated
A: beak, talons 3, electricity resistance
a: no special abilities


You were on level 2 of the Dungeon.
You visited 1 branch of the dungeon, and saw 2 of its levels.

You collected 24 gold pieces.

Inventory:

Hand Weapons
 c - a +0 dagger (weapon)
 f - a +3 sling of flaming
Armour
 a - a +0 robe (worn)
Jewellery
 g - a ring of flight
Scrolls
 i - a scroll of vulnerability {unknown}
 j - a scroll of poison {unknown}
Potions
 b - a potion of magic
 h - a potion of heal wounds {unknown}


   Skills:
 - Level 2.1 Dodging
 - Level 2.0 Stealth
 - Level 2.0 Spellcasting
 + Level 3.6 Conjurations
 - Level 3.2 Fire Magic


You had 4 spell levels left.
You knew the following spells:

 Your Spells              Type           Power      Damage    Failure   Level
a - Foxfire               Conj/Fire      44%        2x1d6     6%          1

Your spell library contained the following spells:

 Spells                   Type           Power      Damage    Failure   Level
 Scorch                   Fire           20%        2d5       10%         2
 Kiss of Death            Conj/Necr      24%        2d7       11%         1
 Inner Flame              Hex/Fire       6%         N/A       36%         3
 Volatile Blastmotes      Fire/Tloc      12%        2d11      36%         3
 Flame Wave               Conj/Fire      11%        2d6       50%         4
 Confusing Touch          Hex            1%         N/A       56%         3
 Dispel Undead            Necr           1%         3d6       93%         4


Dungeon Overview and Level Annotations

Branches:
Dungeon (2/15)

Altars:


Innate Abilities, Weirdness & Mutations

You have a beak for a mouth.
You have claws for feet.
You are resistant to electric shocks. (rElec)


Message History

The foxfire hits the endoplasm.
The endoplasm is almost dead.
The adder bites you.
You are poisoned.
The adder poisons you!
Your foxfire dissipates!
The adder attacks as you move away! The adder bites you.
You are lethally poisoned!
The adder poisons you! The endoplasm attacks as you move away!
The endoplasm completely misses you.
You feel very sick.
You feel very sick.
You feel sick.
You are too injured to fight recklessly!
Casting: Foxfire (safe; 5% risk of failure)
Press: ? - help, Q - select action Dir - look around, f - activate You miscast Foxfire.
You are very lightly contaminated with residual magic.
Nothing appears to happen.
* * * LOW HITPOINT WARNING * * *
You feel sick. The adder misses you. The adder bites you but does no damage.
Casting: Foxfire (safe; 5% risk of failure)
Press: ? - help, Q - select action Dir - look around, f - activate You conjure some foxfire!
* * * LOW HITPOINT WARNING * * *
You feel sick. The adder closely misses you.
It was a potion of mutation.
You feel extremely strange.
You feel insulated.
* * * LOW HITPOINT WARNING * * *
You feel sick.
The foxfire hits the adder.
The adder is heavily wounded.
The foxfire hits the adder.
The adder is severely wounded.
The adder misses you.
It was a potion of degeneration.
There was something very wrong with that liquid.
You feel weakened.
You feel dopey.
You feel clumsy.
* * * LOW HITPOINT WARNING * * *
You feel sick. The adder bites you.
You die...

.. ##### #.
...# ..
...# #.
#..# #.#
#..# #..
#<.#
#.#.†###.§#
#.....JS@.#
####.######
#. #. #. ..
##


You could see an adder and an endoplasm.

Vanquished Creatures
  A worm (D:2)
  A dart slug (D:1)
  An endoplasm (D:1)
  A giant cockroach (D:1)
  2 goblins (D:1)
  3 hobgoblins (D:1)
  A kobold (D:1)
  A quokka (D:1)
  A ball python (D:1)
  A frilled lizard (D:2)
  A rat (D:1)
14 creatures vanquished.

Vanquished Creatures (others)
  45 foxfires
45 creatures vanquished.

Grand Total: 59 creatures vanquished

Notes
Turn   | Place    | Note
-------+----------+-------------------------------------------
     0 | D:1      | roflturtle the Tengu Fire Elementalist began the quest for
                  | the Orb.
     0 | D:1      | Reached XP level 1. HP: 10/10 MP: 4/4
   197 | D:1      | Reached XP level 2. HP: 15/15 MP: 4/6
   926 | D:2      | Gained mutation: You are resistant to electric shocks.
                  | (rElec) [potion of mutation]
   927 | D:2      | Slain by an adder

Illustrated notes

Levels and vault maps discovered:
D:1:      minmay_arrival_jagged, layout_loops_cross, minmay_cut_off
D:2:      kennysheep_big_flooded_room, layout_loops_corners,
          basic_ecumenical_altar, minmay_liquid_box

Skill      XL: |  1  2 |
---------------+-------+-----
Conjurations   | 2 3 |  3.6
Dodging        | |  2.1
Stealth        | |  2.0
Spellcasting   | |  2.0
Fire Magic     | |  3.2

Action                     || total
---------------------------++-------
  Melee: Dagger            ||     5
         Unarmed           ||     2
         Kick              ||     2
         Peck              ||     2
   Cast: Foxfire           ||    27
    Use: Potion            ||     2
 Armour: Robe              ||     2
  Dodge: Dodged            ||    11

Table legend: (Time is in decaauts)
 A = Elapsed time spent in this place.
 B = Non-inter-level travel time spent in this place.
 C = Inter-level travel time spent in this place.
 D = Time resting spent in this place.
 E = Time spent auto-exploring this place.
 F = Levels seen in this place.
 G = Mean time per level.
                   A        B        C        D        E       F      G
               +--------+--------+--------+--------+--------+-----+--------+
         Total |    926 |    881 |     45 |      0 |    763 |   2 |  463.0 |
       Dungeon |    926 |    881 |     45 |      0 |    763 |   2 |  463.0 |
               +--------+--------+--------+--------+--------+-----+--------+

Top non-repeatable levels by time:
     D:1: 871 daAuts
     D:2: 54 daAuts
